%YAML 1.1
%TAG !u! tag:unity3d.com,2011:
--- !u!29 &1
OcclusionCullingSettings:
  m_ObjectHideFlags: 0
  serializedVersion: 2
  m_OcclusionBakeSettings:
    smallestOccluder: 5
    smallestHole: 0.25
    backfaceThreshold: 100
  m_SceneGUID: 00000000000000000000000000000000
  m_OcclusionCullingData: {fileID: 0}
--- !u!104 &2
RenderSettings:
  m_ObjectHideFlags: 0
  serializedVersion: 9
  m_Fog: 0
  m_FogColor: {r: 0.5, g: 0.5, b: 0.5, a: 1}
  m_FogMode: 3
  m_FogDensity: 0.01
  m_LinearFogStart: 0
  m_LinearFogEnd: 300
  m_AmbientSkyColor: {r: 0.212, g: 0.227, b: 0.259, a: 1}
  m_AmbientEquatorColor: {r: 0.114, g: 0.125, b: 0.133, a: 1}
  m_AmbientGroundColor: {r: 0.047, g: 0.043, b: 0.035, a: 1}
  m_AmbientIntensity: 1
  m_AmbientMode: 0
  m_SubtractiveShadowColor: {r: 0.42, g: 0.478, b: 0.627, a: 1}
  m_SkyboxMaterial: {fileID: 10304, guid: 0000000000000000f000000000000000, type: 0}
  m_HaloStrength: 0.5
  m_FlareStrength: 1
  m_FlareFadeSpeed: 3
  m_HaloTexture: {fileID: 0}
  m_SpotCookie: {fileID: 10001, guid: 0000000000000000e000000000000000, type: 0}
  m_DefaultReflectionMode: 0
  m_DefaultReflectionResolution: 128
  m_ReflectionBounces: 1
  m_ReflectionIntensity: 1
  m_CustomReflection: {fileID: 0}
  m_Sun: {fileID: 170076734}
  m_IndirectSpecularColor: {r: 0.44657898, g: 0.4964133, b: 0.5748178, a: 1}
  m_UseRadianceAmbientProbe: 0
--- !u!157 &3
LightmapSettings:
  m_ObjectHideFlags: 0
  serializedVersion: 11
  m_GIWorkflowMode: 0
  m_GISettings:
    serializedVersion: 2
    m_BounceScale: 1
    m_IndirectOutputScale: 1
    m_AlbedoBoost: 1
    m_EnvironmentLightingMode: 0
    m_EnableBakedLightmaps: 1
    m_EnableRealtimeLightmaps: 0
  m_LightmapEditorSettings:
    serializedVersion: 10
    m_Resolution: 2
    m_BakeResolution: 10
    m_AtlasSize: 512
    m_AO: 0
    m_AOMaxDistance: 1
    m_CompAOExponent: 1
    m_CompAOExponentDirect: 0
    m_Padding: 2
    m_LightmapParameters: {fileID: 0}
    m_LightmapsBakeMode: 1
    m_TextureCompression: 1
    m_FinalGather: 0
    m_FinalGatherFiltering: 1
    m_FinalGatherRayCount: 256
    m_ReflectionCompression: 2
    m_MixedBakeMode: 2
    m_BakeBackend: 1
    m_PVRSampling: 1
    m_PVRDirectSampleCount: 32
    m_PVRSampleCount: 256
    m_PVRBounces: 2
    m_PVRFilterTypeDirect: 0
    m_PVRFilterTypeIndirect: 0
    m_PVRFilterTypeAO: 0
    m_PVRFilteringMode: 1
    m_PVRCulling: 1
    m_PVRFilteringGaussRadiusDirect: 1
    m_PVRFilteringGaussRadiusIndirect: 5
    m_PVRFilteringGaussRadiusAO: 2
    m_PVRFilteringAtrousPositionSigmaDirect: 0.5
    m_PVRFilteringAtrousPositionSigmaIndirect: 2
    m_PVRFilteringAtrousPositionSigmaAO: 1
    m_ShowResolutionOverlay: 1
  m_LightingDataAsset: {fileID: 0}
  m_UseShadowmask: 1
--- !u!196 &4
NavMeshSettings:
  serializedVersion: 2
  m_ObjectHideFlags: 0
  m_BuildSettings:
    serializedVersion: 2
    agentTypeID: 0
    agentRadius: 0.5
    agentHeight: 2
    agentSlope: 45
    agentClimb: 0.4
    ledgeDropHeight: 0
    maxJumpAcrossDistance: 0
    minRegionArea: 2
    manualCellSize: 0
    cellSize: 0.16666667
    manualTileSize: 0
    tileSize: 256
    accuratePlacement: 0
    debug:
      m_Flags: 0
  m_NavMeshData: {fileID: 0}
--- !u!1 &41837097
GameObject:
  m_ObjectHideFlags: 0
  m_CorrespondingSourceObject: {fileID: 0}
  m_PrefabInstance: {fileID: 0}
  m_PrefabAsset: {fileID: 0}
  serializedVersion: 6
  m_Component:
  - component: {fileID: 41837101}
  - component: {fileID: 41837100}
  - component: {fileID: 41837099}
  - component: {fileID: 41837098}
  m_Layer: 0
  m_Name: Terrain
  m_TagString: Untagged
  m_Icon: {fileID: 0}
  m_NavMeshLayer: 0
  m_StaticEditorFlags: 0
  m_IsActive: 1
--- !u!64 &41837098
MeshCollider:
  m_ObjectHideFlags: 0
  m_CorrespondingSourceObject: {fileID: 0}
  m_PrefabInstance: {fileID: 0}
  m_PrefabAsset: {fileID: 0}
  m_GameObject: {fileID: 41837097}
  m_Material: {fileID: 0}
  m_IsTrigger: 0
  m_Enabled: 1
  serializedVersion: 3
  m_Convex: 0
  m_CookingOptions: 14
  m_Mesh: {fileID: 10209, guid: 0000000000000000e000000000000000, type: 0}
--- !u!23 &41837099
MeshRenderer:
  m_ObjectHideFlags: 0
  m_CorrespondingSourceObject: {fileID: 0}
  m_PrefabInstance: {fileID: 0}
  m_PrefabAsset: {fileID: 0}
  m_GameObject: {fileID: 41837097}
  m_Enabled: 1
  m_CastShadows: 1
  m_ReceiveShadows: 1
  m_DynamicOccludee: 1
  m_MotionVectors: 1
  m_LightProbeUsage: 1
  m_ReflectionProbeUsage: 1
  m_RenderingLayerMask: 1
  m_RendererPriority: 0
  m_Materials:
  - {fileID: 10303, guid: 0000000000000000f000000000000000, type: 0}
  m_StaticBatchInfo:
    firstSubMesh: 0
    subMeshCount: 0
  m_StaticBatchRoot: {fileID: 0}
  m_ProbeAnchor: {fileID: 0}
  m_LightProbeVolumeOverride: {fileID: 0}
  m_ScaleInLightmap: 1
  m_PreserveUVs: 0
  m_IgnoreNormalsForChartDetection: 0
  m_ImportantGI: 0
  m_StitchLightmapSeams: 0
  m_SelectedEditorRenderState: 3
  m_MinimumChartSize: 4
  m_AutoUVMaxDistance: 0.5
  m_AutoUVMaxAngle: 89
  m_LightmapParameters: {fileID: 0}
  m_SortingLayerID: 0
  m_SortingLayer: 0
  m_SortingOrder: 0
--- !u!33 &41837100
MeshFilter:
  m_ObjectHideFlags: 0
  m_CorrespondingSourceObject: {fileID: 0}
  m_PrefabInstance: {fileID: 0}
  m_PrefabAsset: {fileID: 0}
  m_GameObject: {fileID: 41837097}
  m_Mesh: {fileID: 10209, guid: 0000000000000000e000000000000000, type: 0}
--- !u!4 &41837101
Transform:
  m_ObjectHideFlags: 0
  m_CorrespondingSourceObject: {fileID: 0}
  m_PrefabInstance: {fileID: 0}
  m_PrefabAsset: {fileID: 0}
  m_GameObject: {fileID: 41837097}
  m_LocalRotation: {x: 0, y: 0, z: 0, w: 1}
  m_LocalPosition: {x: 0, y: -0.55, z: 0}
  m_LocalScale: {x: 3, y: 3, z: 3}
  m_Children: []
  m_Father: {fileID: 0}
  m_RootOrder: 8
  m_LocalEulerAnglesHint: {x: 0, y: 0, z: 0}
--- !u!1 &170076733
GameObject:
  m_ObjectHideFlags: 0
  m_CorrespondingSourceObject: {fileID: 0}
  m_PrefabInstance: {fileID: 0}
  m_PrefabAsset: {fileID: 0}
  serializedVersion: 6
  m_Component:
  - component: {fileID: 170076735}
  - component: {fileID: 170076734}
  m_Layer: 0
  m_Name: Directional Light
  m_TagString: Untagged
  m_Icon: {fileID: 0}
  m_NavMeshLayer: 0
  m_StaticEditorFlags: 0
  m_IsActive: 1
--- !u!108 &170076734
Light:
  m_ObjectHideFlags: 0
  m_CorrespondingSourceObject: {fileID: 0}
  m_PrefabInstance: {fileID: 0}
  m_PrefabAsset: {fileID: 0}
  m_GameObject: {fileID: 170076733}
  m_Enabled: 1
  serializedVersion: 8
  m_Type: 1
  m_Color: {r: 1, g: 0.95686275, b: 0.8392157, a: 1}
  m_Intensity: 1
  m_Range: 10
  m_SpotAngle: 30
  m_CookieSize: 10
  m_Shadows:
    m_Type: 2
    m_Resolution: -1
    m_CustomResolution: -1
    m_Strength: 1
    m_Bias: 0.05
    m_NormalBias: 0.4
    m_NearPlane: 0.2
  m_Cookie: {fileID: 0}
  m_DrawHalo: 0
  m_Flare: {fileID: 0}
  m_RenderMode: 0
  m_CullingMask:
    serializedVersion: 2
    m_Bits: 4294967295
  m_Lightmapping: 1
  m_LightShadowCasterMode: 0
  m_AreaSize: {x: 1, y: 1}
  m_BounceIntensity: 1
  m_ColorTemperature: 6570
  m_UseColorTemperature: 0
  m_ShadowRadius: 0
  m_ShadowAngle: 0
--- !u!4 &170076735
Transform:
  m_ObjectHideFlags: 0
  m_CorrespondingSourceObject: {fileID: 0}
  m_PrefabInstance: {fileID: 0}
  m_PrefabAsset: {fileID: 0}
  m_GameObject: {fileID: 170076733}
  m_LocalRotation: {x: 0.40821788, y: -0.23456968, z: 0.10938163, w: 0.8754261}
  m_LocalPosition: {x: 0, y: 8, z: 0}
  m_LocalScale: {x: 1, y: 1, z: 1}
  m_Children: []
  m_Father: {fileID: 0}
  m_RootOrder: 0
  m_LocalEulerAnglesHint: {x: 50, y: -30, z: 0}
--- !u!1 &534669902
GameObject:
  m_ObjectHideFlags: 0
  m_CorrespondingSourceObject: {fileID: 0}
  m_PrefabInstance: {fileID: 0}
  m_PrefabAsset: {fileID: 0}
  serializedVersion: 6
  m_Component:
  - component: {fileID: 534669905}
  - component: {fileID: 534669904}
  - component: {fileID: 534669903}
  - component: {fileID: 534669906}
  m_Layer: 0
  m_Name: Main Camera
  m_TagString: MainCamera
  m_Icon: {fileID: 0}
  m_NavMeshLayer: 0
  m_StaticEditorFlags: 0
  m_IsActive: 1
--- !u!81 &534669903
AudioListener:
  m_ObjectHideFlags: 0
  m_CorrespondingSourceObject: {fileID: 0}
  m_PrefabInstance: {fileID: 0}
  m_PrefabAsset: {fileID: 0}
  m_GameObject: {fileID: 534669902}
  m_Enabled: 1
--- !u!20 &534669904
Camera:
  m_ObjectHideFlags: 0
  m_CorrespondingSourceObject: {fileID: 0}
  m_PrefabInstance: {fileID: 0}
  m_PrefabAsset: {fileID: 0}
  m_GameObject: {fileID: 534669902}
  m_Enabled: 1
  serializedVersion: 2
  m_ClearFlags: 1
  m_BackGroundColor: {r: 0.19215687, g: 0.3019608, b: 0.4745098, a: 0}
  m_projectionMatrixMode: 1
  m_SensorSize: {x: 36, y: 24}
  m_LensShift: {x: 0, y: 0}
  m_GateFitMode: 2
  m_FocalLength: 50
  m_NormalizedViewPortRect:
    serializedVersion: 2
    x: 0
    y: 0
    width: 1
    height: 1
  near clip plane: 0.3
  far clip plane: 1000
  field of view: 26.991467
  orthographic: 0
  orthographic size: 5
  m_Depth: -1
  m_CullingMask:
    serializedVersion: 2
    m_Bits: 4294967295
  m_RenderingPath: -1
  m_TargetTexture: {fileID: 0}
  m_TargetDisplay: 0
  m_TargetEye: 3
  m_HDR: 1
  m_AllowMSAA: 1
  m_AllowDynamicResolution: 0
  m_ForceIntoRT: 0
  m_OcclusionCulling: 1
  m_StereoConvergence: 10
  m_StereoSeparation: 0.022
--- !u!4 &534669905
Transform:
  m_ObjectHideFlags: 0
  m_CorrespondingSourceObject: {fileID: 0}
  m_PrefabInstance: {fileID: 0}
  m_PrefabAsset: {fileID: 0}
  m_GameObject: {fileID: 534669902}
  m_LocalRotation: {x: -0, y: -0, z: -0, w: 1}
  m_LocalPosition: {x: 0, y: 0.81, z: -4.38}
  m_LocalScale: {x: 1, y: 1, z: 1}
  m_Children: []
  m_Father: {fileID: 0}
  m_RootOrder: 10
  m_LocalEulerAnglesHint: {x: 0, y: 0, z: 0}
--- !u!114 &534669906
MonoBehaviour:
  m_ObjectHideFlags: 0
  m_CorrespondingSourceObject: {fileID: 0}
  m_PrefabInstance: {fileID: 0}
  m_PrefabAsset: {fileID: 0}
  m_GameObject: {fileID: 534669902}
  m_Enabled: 1
  m_EditorHideFlags: 0
  m_Script: {fileID: 11500000, guid: a194a5b9dea63ed44a7192370f9d5cdc, type: 3}
  m_Name: 
  m_EditorClassIdentifier: 
--- !u!1001 &885398982
PrefabInstance:
  m_ObjectHideFlags: 0
  serializedVersion: 2
  m_Modification:
    m_TransformParent: {fileID: 0}
    m_Modifications:
    - target: {fileID: 5848983031177942231, guid: ee2c1eeb54a3aab4d9b46cf4b2aa1495,
        type: 3}
      propertyPath: m_Name
      value: Munitions (1)
      objectReference: {fileID: 0}
    - target: {fileID: 5848983031177942185, guid: ee2c1eeb54a3aab4d9b46cf4b2aa1495,
        type: 3}
      propertyPath: m_LocalPosition.x
      value: 1.05
      objectReference: {fileID: 0}
    - target: {fileID: 5848983031177942185, guid: ee2c1eeb54a3aab4d9b46cf4b2aa1495,
        type: 3}
      propertyPath: m_LocalPosition.y
      value: 0.36
      objectReference: {fileID: 0}
    - target: {fileID: 5848983031177942185, guid: ee2c1eeb54a3aab4d9b46cf4b2aa1495,
        type: 3}
      propertyPath: m_LocalPosition.z
      value: 1.9225442
      objectReference: {fileID: 0}
    - target: {fileID: 5848983031177942185, guid: ee2c1eeb54a3aab4d9b46cf4b2aa1495,
        type: 3}
      propertyPath: m_LocalRotation.x
      value: 0
      objectReference: {fileID: 0}
    - target: {fileID: 5848983031177942185, guid: ee2c1eeb54a3aab4d9b46cf4b2aa1495,
        type: 3}
      propertyPath: m_LocalRotation.y
      value: 0
      objectReference: {fileID: 0}
    - target: {fileID: 5848983031177942185, guid: ee2c1eeb54a3aab4d9b46cf4b2aa1495,
        type: 3}
      propertyPath: m_LocalRotation.z
      value: 0
      objectReference: {fileID: 0}
    - target: {fileID: 5848983031177942185, guid: ee2c1eeb54a3aab4d9b46cf4b2aa1495,
        type: 3}
      propertyPath: m_LocalRotation.w
      value: 1
      objectReference: {fileID: 0}
    - target: {fileID: 5848983031177942185, guid: ee2c1eeb54a3aab4d9b46cf4b2aa1495,
        type: 3}
      propertyPath: m_RootOrder
      value: 9
      objectReference: {fileID: 0}
    - target: {fileID: 5848983031177942185, guid: ee2c1eeb54a3aab4d9b46cf4b2aa1495,
        type: 3}
      propertyPath: m_LocalEulerAnglesHint.x
      value: 0
      objectReference: {fileID: 0}
    - target: {fileID: 5848983031177942185, guid: ee2c1eeb54a3aab4d9b46cf4b2aa1495,
        type: 3}
      propertyPath: m_LocalEulerAnglesHint.y
      value: 0
      objectReference: {fileID: 0}
    - target: {fileID: 5848983031177942185, guid: ee2c1eeb54a3aab4d9b46cf4b2aa1495,
        type: 3}
      propertyPath: m_LocalEulerAnglesHint.z
      value: 0
      objectReference: {fileID: 0}
    m_RemovedComponents: []
  m_SourcePrefab: {fileID: 100100000, guid: ee2c1eeb54a3aab4d9b46cf4b2aa1495, type: 3}
--- !u!1 &920722118
GameObject:
  m_ObjectHideFlags: 0
  m_CorrespondingSourceObject: {fileID: 0}
  m_PrefabInstance: {fileID: 0}
  m_PrefabAsset: {fileID: 0}
  serializedVersion: 6
  m_Component:
  - component: {fileID: 920722119}
  m_Layer: 0
  m_Name: EnemySpawnPoint
  m_TagString: Untagged
  m_Icon: {fileID: 0}
  m_NavMeshLayer: 0
  m_StaticEditorFlags: 0
  m_IsActive: 1
--- !u!4 &920722119
Transform:
  m_ObjectHideFlags: 0
  m_CorrespondingSourceObject: {fileID: 0}
  m_PrefabInstance: {fileID: 0}
  m_PrefabAsset: {fileID: 0}
  m_GameObject: {fileID: 920722118}
  m_LocalRotation: {x: 0, y: 0, z: 0, w: 1}
  m_LocalPosition: {x: 0, y: 0, z: 1}
  m_LocalScale: {x: 1, y: 1, z: 1}
  m_Children: []
  m_Father: {fileID: 1938420007}
  m_RootOrder: 0
  m_LocalEulerAnglesHint: {x: 0, y: 0, z: 0}
--- !u!1001 &1139908165
PrefabInstance:
  m_ObjectHideFlags: 0
  serializedVersion: 2
  m_Modification:
    m_TransformParent: {fileID: 0}
    m_Modifications:
    - target: {fileID: 5848983031177942231, guid: ee2c1eeb54a3aab4d9b46cf4b2aa1495,
        type: 3}
      propertyPath: m_Name
      value: Munitions (2)
      objectReference: {fileID: 0}
    - target: {fileID: 5848983031177942185, guid: ee2c1eeb54a3aab4d9b46cf4b2aa1495,
        type: 3}
      propertyPath: m_LocalPosition.x
      value: 2.2542026
      objectReference: {fileID: 0}
    - target: {fileID: 5848983031177942185, guid: ee2c1eeb54a3aab4d9b46cf4b2aa1495,
        type: 3}
      propertyPath: m_LocalPosition.y
      value: 0.197
      objectReference: {fileID: 0}
    - target: {fileID: 5848983031177942185, guid: ee2c1eeb54a3aab4d9b46cf4b2aa1495,
        type: 3}
      propertyPath: m_LocalPosition.z
      value: 0.030444097
      objectReference: {fileID: 0}
    - target: {fileID: 5848983031177942185, guid: ee2c1eeb54a3aab4d9b46cf4b2aa1495,
        type: 3}
      propertyPath: m_LocalRotation.x
      value: 0
      objectReference: {fileID: 0}
    - target: {fileID: 5848983031177942185, guid: ee2c1eeb54a3aab4d9b46cf4b2aa1495,
        type: 3}
      propertyPath: m_LocalRotation.y
      value: 0
      objectReference: {fileID: 0}
    - target: {fileID: 5848983031177942185, guid: ee2c1eeb54a3aab4d9b46cf4b2aa1495,
        type: 3}
      propertyPath: m_LocalRotation.z
      value: 0
      objectReference: {fileID: 0}
    - target: {fileID: 5848983031177942185, guid: ee2c1eeb54a3aab4d9b46cf4b2aa1495,
        type: 3}
      propertyPath: m_LocalRotation.w
      value: 1
      objectReference: {fileID: 0}
    - target: {fileID: 5848983031177942185, guid: ee2c1eeb54a3aab4d9b46cf4b2aa1495,
        type: 3}
      propertyPath: m_RootOrder
      value: 2
      objectReference: {fileID: 0}
    - target: {fileID: 5848983031177942185, guid: ee2c1eeb54a3aab4d9b46cf4b2aa1495,
        type: 3}
      propertyPath: m_LocalEulerAnglesHint.x
      value: 0
      objectReference: {fileID: 0}
    - target: {fileID: 5848983031177942185, guid: ee2c1eeb54a3aab4d9b46cf4b2aa1495,
        type: 3}
      propertyPath: m_LocalEulerAnglesHint.y
      value: 0
      objectReference: {fileID: 0}
    - target: {fileID: 5848983031177942185, guid: ee2c1eeb54a3aab4d9b46cf4b2aa1495,
        type: 3}
      propertyPath: m_LocalEulerAnglesHint.z
      value: 0
      objectReference: {fileID: 0}
    m_RemovedComponents: []
  m_SourcePrefab: {fileID: 100100000, guid: ee2c1eeb54a3aab4d9b46cf4b2aa1495, type: 3}
--- !u!1001 &1156182655
PrefabInstance:
  m_ObjectHideFlags: 0
  serializedVersion: 2
  m_Modification:
    m_TransformParent: {fileID: 0}
    m_Modifications:
    - target: {fileID: 5848983031177942231, guid: ee2c1eeb54a3aab4d9b46cf4b2aa1495,
        type: 3}
      propertyPath: m_Name
      value: Munitions
      objectReference: {fileID: 0}
    - target: {fileID: 5848983031177942185, guid: ee2c1eeb54a3aab4d9b46cf4b2aa1495,
        type: 3}
      propertyPath: m_LocalPosition.x
      value: -0.4933942
      objectReference: {fileID: 0}
    - target: {fileID: 5848983031177942185, guid: ee2c1eeb54a3aab4d9b46cf4b2aa1495,
        type: 3}
      propertyPath: m_LocalPosition.y
      value: 0.36
      objectReference: {fileID: 0}
    - target: {fileID: 5848983031177942185, guid: ee2c1eeb54a3aab4d9b46cf4b2aa1495,
        type: 3}
      propertyPath: m_LocalPosition.z
      value: 1.9225442
      objectReference: {fileID: 0}
    - target: {fileID: 5848983031177942185, guid: ee2c1eeb54a3aab4d9b46cf4b2aa1495,
        type: 3}
      propertyPath: m_LocalRotation.x
      value: 0
      objectReference: {fileID: 0}
    - target: {fileID: 5848983031177942185, guid: ee2c1eeb54a3aab4d9b46cf4b2aa1495,
        type: 3}
      propertyPath: m_LocalRotation.y
      value: 0
      objectReference: {fileID: 0}
    - target: {fileID: 5848983031177942185, guid: ee2c1eeb54a3aab4d9b46cf4b2aa1495,
        type: 3}
      propertyPath: m_LocalRotation.z
      value: 0
      objectReference: {fileID: 0}
    - target: {fileID: 5848983031177942185, guid: ee2c1eeb54a3aab4d9b46cf4b2aa1495,
        type: 3}
      propertyPath: m_LocalRotation.w
      value: 1
      objectReference: {fileID: 0}
    - target: {fileID: 5848983031177942185, guid: ee2c1eeb54a3aab4d9b46cf4b2aa1495,
        type: 3}
      propertyPath: m_RootOrder
      value: 3
      objectReference: {fileID: 0}
    - target: {fileID: 5848983031177942185, guid: ee2c1eeb54a3aab4d9b46cf4b2aa1495,
        type: 3}
      propertyPath: m_LocalEulerAnglesHint.x
      value: 0
      objectReference: {fileID: 0}
    - target: {fileID: 5848983031177942185, guid: ee2c1eeb54a3aab4d9b46cf4b2aa1495,
        type: 3}
      propertyPath: m_LocalEulerAnglesHint.y
      value: 0
      objectReference: {fileID: 0}
    - target: {fileID: 5848983031177942185, guid: ee2c1eeb54a3aab4d9b46cf4b2aa1495,
        type: 3}
      propertyPath: m_LocalEulerAnglesHint.z
      value: 0
      objectReference: {fileID: 0}
    m_RemovedComponents: []
  m_SourcePrefab: {fileID: 100100000, guid: ee2c1eeb54a3aab4d9b46cf4b2aa1495, type: 3}
--- !u!1001 &1185400448
PrefabInstance:
  m_ObjectHideFlags: 0
  serializedVersion: 2
  m_Modification:
    m_TransformParent: {fileID: 0}
    m_Modifications:
    - target: {fileID: 5848983031177942231, guid: ee2c1eeb54a3aab4d9b46cf4b2aa1495,
        type: 3}
      propertyPath: m_Name
      value: Munitions (3)
      objectReference: {fileID: 0}
    - target: {fileID: 5848983031177942185, guid: ee2c1eeb54a3aab4d9b46cf4b2aa1495,
        type: 3}
      propertyPath: m_LocalPosition.x
      value: 3.8522563
      objectReference: {fileID: 0}
    - target: {fileID: 5848983031177942185, guid: ee2c1eeb54a3aab4d9b46cf4b2aa1495,
        type: 3}
      propertyPath: m_LocalPosition.y
      value: 0.298
      objectReference: {fileID: 0}
    - target: {fileID: 5848983031177942185, guid: ee2c1eeb54a3aab4d9b46cf4b2aa1495,
        type: 3}
      propertyPath: m_LocalPosition.z
      value: -0.9386815
      objectReference: {fileID: 0}
    - target: {fileID: 5848983031177942185, guid: ee2c1eeb54a3aab4d9b46cf4b2aa1495,
        type: 3}
      propertyPath: m_LocalRotation.x
      value: 0
      objectReference: {fileID: 0}
    - target: {fileID: 5848983031177942185, guid: ee2c1eeb54a3aab4d9b46cf4b2aa1495,
        type: 3}
      propertyPath: m_LocalRotation.y
      value: 0
      objectReference: {fileID: 0}
    - target: {fileID: 5848983031177942185, guid: ee2c1eeb54a3aab4d9b46cf4b2aa1495,
        type: 3}
      propertyPath: m_LocalRotation.z
      value: 0
      objectReference: {fileID: 0}
    - target: {fileID: 5848983031177942185, guid: ee2c1eeb54a3aab4d9b46cf4b2aa1495,
        type: 3}
      propertyPath: m_LocalRotation.w
      value: 1
      objectReference: {fileID: 0}
    - target: {fileID: 5848983031177942185, guid: ee2c1eeb54a3aab4d9b46cf4b2aa1495,
        type: 3}
      propertyPath: m_RootOrder
      value: 1
      objectReference: {fileID: 0}
    - target: {fileID: 5848983031177942185, guid: ee2c1eeb54a3aab4d9b46cf4b2aa1495,
        type: 3}
      propertyPath: m_LocalEulerAnglesHint.x
      value: 0
      objectReference: {fileID: 0}
    - target: {fileID: 5848983031177942185, guid: ee2c1eeb54a3aab4d9b46cf4b2aa1495,
        type: 3}
      propertyPath: m_LocalEulerAnglesHint.y
      value: 0
      objectReference: {fileID: 0}
    - target: {fileID: 5848983031177942185, guid: ee2c1eeb54a3aab4d9b46cf4b2aa1495,
        type: 3}
      propertyPath: m_LocalEulerAnglesHint.z
      value: 0
      objectReference: {fileID: 0}
    m_RemovedComponents: []
  m_SourcePrefab: {fileID: 100100000, guid: ee2c1eeb54a3aab4d9b46cf4b2aa1495, type: 3}
--- !u!1 &1198798794 stripped
GameObject:
  m_CorrespondingSourceObject: {fileID: 6192985228198145908, guid: f1aac6279946aef439dd761a6286f371,
    type: 3}
  m_PrefabInstance: {fileID: 6192985227200682174}
  m_PrefabAsset: {fileID: 0}
--- !u!114 &1198798800
MonoBehaviour:
  m_ObjectHideFlags: 0
  m_CorrespondingSourceObject: {fileID: 0}
  m_PrefabInstance: {fileID: 0}
  m_PrefabAsset: {fileID: 0}
  m_GameObject: {fileID: 1198798794}
  m_Enabled: 1
  m_EditorHideFlags: 0
  m_Script: {fileID: 11500000, guid: be45c3d2f1be7844fa9f30789b092960, type: 3}
  m_Name: 
  m_EditorClassIdentifier: 
  normalEnemyHp: 5
--- !u!1 &1938420002 stripped
GameObject:
  m_CorrespondingSourceObject: {fileID: 5775078708467441955, guid: a3e8782715de26d4886ee4da3b6bbecb,
    type: 3}
  m_PrefabInstance: {fileID: 5775078708084531835}
  m_PrefabAsset: {fileID: 0}
--- !u!4 &1938420007 stripped
Transform:
  m_CorrespondingSourceObject: {fileID: 5775078708467441958, guid: a3e8782715de26d4886ee4da3b6bbecb,
    type: 3}
  m_PrefabInstance: {fileID: 5775078708084531835}
  m_PrefabAsset: {fileID: 0}
--- !u!114 &1938420008
MonoBehaviour:
  m_ObjectHideFlags: 0
  m_CorrespondingSourceObject: {fileID: 0}
  m_PrefabInstance: {fileID: 0}
  m_PrefabAsset: {fileID: 0}
  m_GameObject: {fileID: 1938420002}
  m_Enabled: 1
  m_EditorHideFlags: 0
  m_Script: {fileID: 11500000, guid: 85229eddc159635448e0e4aacb7e1043, type: 3}
  m_Name: 
  m_EditorClassIdentifier: 
  armoredEnemyArmature: 5
  armoredEnemyHp: 5
  damageTaken: 0
  pistolPrefab: {fileID: 967723595858624499, guid: 7226daef638bf4f4aa2fe5d48c17d54e,
    type: 3}
  enemySpawnPoint: {fileID: 920722119}
  pistolScriptReference: {fileID: 0}
  enemyFireRate: 0.5
  currentAmmo: 100
  ViewRadius: 10
  ViewAngle: 22
  DetectionMask:
    serializedVersion: 2
    m_Bits: 512
--- !u!1001 &1971649972
PrefabInstance:
  m_ObjectHideFlags: 0
  serializedVersion: 2
  m_Modification:
    m_TransformParent: {fileID: 0}
    m_Modifications:
    - target: {fileID: 967723595858624499, guid: 7226daef638bf4f4aa2fe5d48c17d54e,
        type: 3}
      propertyPath: m_Name
      value: Pistol
      objectReference: {fileID: 0}
    - target: {fileID: 967723595858624502, guid: 7226daef638bf4f4aa2fe5d48c17d54e,
        type: 3}
      propertyPath: m_LocalPosition.x
      value: 2.3487794
      objectReference: {fileID: 0}
    - target: {fileID: 967723595858624502, guid: 7226daef638bf4f4aa2fe5d48c17d54e,
        type: 3}
      propertyPath: m_LocalPosition.y
      value: 0.32
      objectReference: {fileID: 0}
    - target: {fileID: 967723595858624502, guid: 7226daef638bf4f4aa2fe5d48c17d54e,
        type: 3}
      propertyPath: m_LocalPosition.z
      value: -3.2782466
      objectReference: {fileID: 0}
    - target: {fileID: 967723595858624502, guid: 7226daef638bf4f4aa2fe5d48c17d54e,
        type: 3}
      propertyPath: m_LocalRotation.x
      value: 0
      objectReference: {fileID: 0}
    - target: {fileID: 967723595858624502, guid: 7226daef638bf4f4aa2fe5d48c17d54e,
        type: 3}
      propertyPath: m_LocalRotation.y
      value: 0
      objectReference: {fileID: 0}
    - target: {fileID: 967723595858624502, guid: 7226daef638bf4f4aa2fe5d48c17d54e,
        type: 3}
      propertyPath: m_LocalRotation.z
      value: 0
      objectReference: {fileID: 0}
    - target: {fileID: 967723595858624502, guid: 7226daef638bf4f4aa2fe5d48c17d54e,
        type: 3}
      propertyPath: m_LocalRotation.w
      value: 1
      objectReference: {fileID: 0}
    - target: {fileID: 967723595858624502, guid: 7226daef638bf4f4aa2fe5d48c17d54e,
        type: 3}
      propertyPath: m_RootOrder
      value: 11
      objectReference: {fileID: 0}
    - target: {fileID: 967723595858624502, guid: 7226daef638bf4f4aa2fe5d48c17d54e,
        type: 3}
      propertyPath: m_LocalEulerAnglesHint.x
      value: 0
      objectReference: {fileID: 0}
    - target: {fileID: 967723595858624502, guid: 7226daef638bf4f4aa2fe5d48c17d54e,
        type: 3}
      propertyPath: m_LocalEulerAnglesHint.y
      value: 0
      objectReference: {fileID: 0}
    - target: {fileID: 967723595858624502, guid: 7226daef638bf4f4aa2fe5d48c17d54e,
        type: 3}
      propertyPath: m_LocalEulerAnglesHint.z
      value: 0
      objectReference: {fileID: 0}
    - target: {fileID: 967723595858624501, guid: 7226daef638bf4f4aa2fe5d48c17d54e,
        type: 3}
      propertyPath: firePistolRate
      value: 0.5
      objectReference: {fileID: 0}
    m_RemovedComponents: []
  m_SourcePrefab: {fileID: 100100000, guid: 7226daef638bf4f4aa2fe5d48c17d54e, type: 3}
--- !u!1001 &2497938437349556642
PrefabInstance:
  m_ObjectHideFlags: 0
  serializedVersion: 2
  m_Modification:
    m_TransformParent: {fileID: 0}
    m_Modifications:
    - target: {fileID: 2341709681778100773, guid: c2f714cd4f0061741b238eca57b55739,
        type: 3}
      propertyPath: m_Name
      value: LifePack
      objectReference: {fileID: 0}
    - target: {fileID: 2341709681778100827, guid: c2f714cd4f0061741b238eca57b55739,
        type: 3}
      propertyPath: m_LocalPosition.x
      value: -2.31
      objectReference: {fileID: 0}
    - target: {fileID: 2341709681778100827, guid: c2f714cd4f0061741b238eca57b55739,
        type: 3}
      propertyPath: m_LocalPosition.y
      value: 0.38
      objectReference: {fileID: 0}
    - target: {fileID: 2341709681778100827, guid: c2f714cd4f0061741b238eca57b55739,
        type: 3}
      propertyPath: m_LocalPosition.z
      value: 2.45
      objectReference: {fileID: 0}
    - target: {fileID: 2341709681778100827, guid: c2f714cd4f0061741b238eca57b55739,
        type: 3}
      propertyPath: m_LocalRotation.x
      value: 0
      objectReference: {fileID: 0}
    - target: {fileID: 2341709681778100827, guid: c2f714cd4f0061741b238eca57b55739,
        type: 3}
      propertyPath: m_LocalRotation.y
      value: 0
      objectReference: {fileID: 0}
    - target: {fileID: 2341709681778100827, guid: c2f714cd4f0061741b238eca57b55739,
        type: 3}
      propertyPath: m_LocalRotation.z
      value: 0
      objectReference: {fileID: 0}
    - target: {fileID: 2341709681778100827, guid: c2f714cd4f0061741b238eca57b55739,
        type: 3}
      propertyPath: m_LocalRotation.w
      value: 1
      objectReference: {fileID: 0}
    - target: {fileID: 2341709681778100827, guid: c2f714cd4f0061741b238eca57b55739,
        type: 3}
      propertyPath: m_RootOrder
      value: 7
      objectReference: {fileID: 0}
    - target: {fileID: 2341709681778100827, guid: c2f714cd4f0061741b238eca57b55739,
        type: 3}
      propertyPath: m_LocalEulerAnglesHint.x
      value: 0
      objectReference: {fileID: 0}
    - target: {fileID: 2341709681778100827, guid: c2f714cd4f0061741b238eca57b55739,
        type: 3}
      propertyPath: m_LocalEulerAnglesHint.y
      value: 0
      objectReference: {fileID: 0}
    - target: {fileID: 2341709681778100827, guid: c2f714cd4f0061741b238eca57b55739,
        type: 3}
      propertyPath: m_LocalEulerAnglesHint.z
      value: 0
      objectReference: {fileID: 0}
    m_RemovedComponents: []
  m_SourcePrefab: {fileID: 100100000, guid: c2f714cd4f0061741b238eca57b55739, type: 3}
--- !u!1001 &5775078708084531835
PrefabInstance:
  m_ObjectHideFlags: 0
  serializedVersion: 2
  m_Modification:
    m_TransformParent: {fileID: 0}
    m_Modifications:
    - target: {fileID: 5775078708467441955, guid: a3e8782715de26d4886ee4da3b6bbecb,
        type: 3}
      propertyPath: m_Name
      value: ArmoredEnemy
      objectReference: {fileID: 0}
    - target: {fileID: 5775078708467441958, guid: a3e8782715de26d4886ee4da3b6bbecb,
        type: 3}
      propertyPath: m_LocalPosition.x
      value: 1.79
      objectReference: {fileID: 0}
    - target: {fileID: 5775078708467441958, guid: a3e8782715de26d4886ee4da3b6bbecb,
        type: 3}
      propertyPath: m_LocalPosition.y
      value: 0.46
      objectReference: {fileID: 0}
    - target: {fileID: 5775078708467441958, guid: a3e8782715de26d4886ee4da3b6bbecb,
        type: 3}
      propertyPath: m_LocalPosition.z
      value: 4.65
      objectReference: {fileID: 0}
    - target: {fileID: 5775078708467441958, guid: a3e8782715de26d4886ee4da3b6bbecb,
        type: 3}
      propertyPath: m_LocalRotation.x
      value: 0
      objectReference: {fileID: 0}
    - target: {fileID: 5775078708467441958, guid: a3e8782715de26d4886ee4da3b6bbecb,
        type: 3}
      propertyPath: m_LocalRotation.y
      value: 0
      objectReference: {fileID: 0}
    - target: {fileID: 5775078708467441958, guid: a3e8782715de26d4886ee4da3b6bbecb,
        type: 3}
      propertyPath: m_LocalRotation.z
      value: 0
      objectReference: {fileID: 0}
    - target: {fileID: 5775078708467441958, guid: a3e8782715de26d4886ee4da3b6bbecb,
        type: 3}
      propertyPath: m_LocalRotation.w
      value: 1
      objectReference: {fileID: 0}
    - target: {fileID: 5775078708467441958, guid: a3e8782715de26d4886ee4da3b6bbecb,
        type: 3}
      propertyPath: m_RootOrder
      value: 5
      objectReference: {fileID: 0}
    - target: {fileID: 5775078708467441958, guid: a3e8782715de26d4886ee4da3b6bbecb,
        type: 3}
      propertyPath: m_LocalEulerAnglesHint.x
      value: 0
      objectReference: {fileID: 0}
    - target: {fileID: 5775078708467441958, guid: a3e8782715de26d4886ee4da3b6bbecb,
        type: 3}
      propertyPath: m_LocalEulerAnglesHint.y
      value: 0
      objectReference: {fileID: 0}
    - target: {fileID: 5775078708467441958, guid: a3e8782715de26d4886ee4da3b6bbecb,
        type: 3}
      propertyPath: m_LocalEulerAnglesHint.z
      value: 0
      objectReference: {fileID: 0}
    m_RemovedComponents: []
  m_SourcePrefab: {fileID: 100100000, guid: a3e8782715de26d4886ee4da3b6bbecb, type: 3}
--- !u!1001 &6192985227200682174
PrefabInstance:
  m_ObjectHideFlags: 0
  serializedVersion: 2
  m_Modification:
    m_TransformParent: {fileID: 0}
    m_Modifications:
    - target: {fileID: 6192985228198145908, guid: f1aac6279946aef439dd761a6286f371,
        type: 3}
      propertyPath: m_Name
      value: NormalEnemy
      objectReference: {fileID: 0}
    - target: {fileID: 6192985228198145905, guid: f1aac6279946aef439dd761a6286f371,
        type: 3}
      propertyPath: m_LocalPosition.x
      value: -1.59
      objectReference: {fileID: 0}
    - target: {fileID: 6192985228198145905, guid: f1aac6279946aef439dd761a6286f371,
        type: 3}
      propertyPath: m_LocalPosition.y
      value: 0.44
      objectReference: {fileID: 0}
    - target: {fileID: 6192985228198145905, guid: f1aac6279946aef439dd761a6286f371,
        type: 3}
      propertyPath: m_LocalPosition.z
      value: 4.8
      objectReference: {fileID: 0}
    - target: {fileID: 6192985228198145905, guid: f1aac6279946aef439dd761a6286f371,
        type: 3}
      propertyPath: m_LocalRotation.x
      value: 0
      objectReference: {fileID: 0}
    - target: {fileID: 6192985228198145905, guid: f1aac6279946aef439dd761a6286f371,
        type: 3}
      propertyPath: m_LocalRotation.y
      value: 0
      objectReference: {fileID: 0}
    - target: {fileID: 6192985228198145905, guid: f1aac6279946aef439dd761a6286f371,
        type: 3}
      propertyPath: m_LocalRotation.z
      value: 0
      objectReference: {fileID: 0}
    - target: {fileID: 6192985228198145905, guid: f1aac6279946aef439dd761a6286f371,
        type: 3}
      propertyPath: m_LocalRotation.w
      value: 1
      objectReference: {fileID: 0}
    - target: {fileID: 6192985228198145905, guid: f1aac6279946aef439dd761a6286f371,
        type: 3}
      propertyPath: m_RootOrder
      value: 4
      objectReference: {fileID: 0}
    - target: {fileID: 6192985228198145905, guid: f1aac6279946aef439dd761a6286f371,
        type: 3}
      propertyPath: m_LocalEulerAnglesHint.x
      value: 0
      objectReference: {fileID: 0}
    - target: {fileID: 6192985228198145905, guid: f1aac6279946aef439dd761a6286f371,
        type: 3}
      propertyPath: m_LocalEulerAnglesHint.y
      value: 0
      objectReference: {fileID: 0}
    - target: {fileID: 6192985228198145905, guid: f1aac6279946aef439dd761a6286f371,
        type: 3}
      propertyPath: m_LocalEulerAnglesHint.z
      value: 0
      objectReference: {fileID: 0}
    m_RemovedComponents: []
  m_SourcePrefab: {fileID: 100100000, guid: f1aac6279946aef439dd761a6286f371, type: 3}
--- !u!1001 &6691831967788126174
PrefabInstance:
  m_ObjectHideFlags: 0
  serializedVersion: 2
  m_Modification:
    m_TransformParent: {fileID: 0}
    m_Modifications:
    - target: {fileID: 6691831966650846596, guid: 3c66e2461c1f9ac42896ec33fb5b88d8,
        type: 3}
      propertyPath: m_Name
      value: AutomaticWeapon
      objectReference: {fileID: 0}
    - target: {fileID: 6691831966650846597, guid: 3c66e2461c1f9ac42896ec33fb5b88d8,
        type: 3}
      propertyPath: m_LocalPosition.x
      value: 2.98
      objectReference: {fileID: 0}
    - target: {fileID: 6691831966650846597, guid: 3c66e2461c1f9ac42896ec33fb5b88d8,
        type: 3}
      propertyPath: m_LocalPosition.y
      value: 0.404
      objectReference: {fileID: 0}
    - target: {fileID: 6691831966650846597, guid: 3c66e2461c1f9ac42896ec33fb5b88d8,
        type: 3}
      propertyPath: m_LocalPosition.z
      value: 2.253
      objectReference: {fileID: 0}
    - target: {fileID: 6691831966650846597, guid: 3c66e2461c1f9ac42896ec33fb5b88d8,
        type: 3}
      propertyPath: m_LocalRotation.x
      value: 0
      objectReference: {fileID: 0}
    - target: {fileID: 6691831966650846597, guid: 3c66e2461c1f9ac42896ec33fb5b88d8,
        type: 3}
      propertyPath: m_LocalRotation.y
      value: 0
      objectReference: {fileID: 0}
    - target: {fileID: 6691831966650846597, guid: 3c66e2461c1f9ac42896ec33fb5b88d8,
        type: 3}
      propertyPath: m_LocalRotation.z
      value: 0
      objectReference: {fileID: 0}
    - target: {fileID: 6691831966650846597, guid: 3c66e2461c1f9ac42896ec33fb5b88d8,
        type: 3}
      propertyPath: m_LocalRotation.w
      value: 1
      objectReference: {fileID: 0}
    - target: {fileID: 6691831966650846597, guid: 3c66e2461c1f9ac42896ec33fb5b88d8,
        type: 3}
      propertyPath: m_RootOrder
      value: 12
      objectReference: {fileID: 0}
    - target: {fileID: 6691831966650846597, guid: 3c66e2461c1f9ac42896ec33fb5b88d8,
        type: 3}
      propertyPath: m_LocalEulerAnglesHint.x
      value: 0
      objectReference: {fileID: 0}
    - target: {fileID: 6691831966650846597, guid: 3c66e2461c1f9ac42896ec33fb5b88d8,
        type: 3}
      propertyPath: m_LocalEulerAnglesHint.y
      value: 0
      objectReference: {fileID: 0}
    - target: {fileID: 6691831966650846597, guid: 3c66e2461c1f9ac42896ec33fb5b88d8,
        type: 3}
      propertyPath: m_LocalEulerAnglesHint.z
      value: 0
      objectReference: {fileID: 0}
    - target: {fileID: 6691831966650846594, guid: 3c66e2461c1f9ac42896ec33fb5b88d8,
        type: 3}
      propertyPath: autoWeaponBullet
      value: 
      objectReference: {fileID: 0}
    m_RemovedComponents: []
  m_SourcePrefab: {fileID: 100100000, guid: 3c66e2461c1f9ac42896ec33fb5b88d8, type: 3}
--- !u!1001 &7557307341212998550
PrefabInstance:
  m_ObjectHideFlags: 0
  serializedVersion: 2
  m_Modification:
    m_TransformParent: {fileID: 0}
    m_Modifications:
    - target: {fileID: 7557307342223619990, guid: ea3ee90b011f50c448c61cae6c4cfef6,
        type: 3}
      propertyPath: m_Name
      value: FPSController
      objectReference: {fileID: 0}
    - target: {fileID: 7557307342223619990, guid: ea3ee90b011f50c448c61cae6c4cfef6,
        type: 3}
      propertyPath: m_Layer
      value: 9
      objectReference: {fileID: 0}
    - target: {fileID: 7557307342224042934, guid: ea3ee90b011f50c448c61cae6c4cfef6,
        type: 3}
      propertyPath: m_LocalPosition.x
      value: 0
      objectReference: {fileID: 0}
    - target: {fileID: 7557307342224042934, guid: ea3ee90b011f50c448c61cae6c4cfef6,
        type: 3}
      propertyPath: m_LocalPosition.y
      value: 0.404
      objectReference: {fileID: 0}
    - target: {fileID: 7557307342224042934, guid: ea3ee90b011f50c448c61cae6c4cfef6,
        type: 3}
      propertyPath: m_LocalPosition.z
      value: 0
      objectReference: {fileID: 0}
    - target: {fileID: 7557307342224042934, guid: ea3ee90b011f50c448c61cae6c4cfef6,
        type: 3}
      propertyPath: m_LocalRotation.x
      value: 0
      objectReference: {fileID: 0}
    - target: {fileID: 7557307342224042934, guid: ea3ee90b011f50c448c61cae6c4cfef6,
        type: 3}
      propertyPath: m_LocalRotation.y
      value: 0
      objectReference: {fileID: 0}
    - target: {fileID: 7557307342224042934, guid: ea3ee90b011f50c448c61cae6c4cfef6,
        type: 3}
      propertyPath: m_LocalRotation.z
      value: 0
      objectReference: {fileID: 0}
    - target: {fileID: 7557307342224042934, guid: ea3ee90b011f50c448c61cae6c4cfef6,
        type: 3}
      propertyPath: m_LocalRotation.w
      value: 1
      objectReference: {fileID: 0}
    - target: {fileID: 7557307342224042934, guid: ea3ee90b011f50c448c61cae6c4cfef6,
        type: 3}
      propertyPath: m_RootOrder
      value: 6
      objectReference: {fileID: 0}
    - target: {fileID: 7557307342224042934, guid: ea3ee90b011f50c448c61cae6c4cfef6,
        type: 3}
      propertyPath: m_LocalEulerAnglesHint.x
      value: 0
      objectReference: {fileID: 0}
    - target: {fileID: 7557307342224042934, guid: ea3ee90b011f50c448c61cae6c4cfef6,
        type: 3}
      propertyPath: m_LocalEulerAnglesHint.y
      value: 0
      objectReference: {fileID: 0}
    - target: {fileID: 7557307342224042934, guid: ea3ee90b011f50c448c61cae6c4cfef6,
        type: 3}
      propertyPath: m_LocalEulerAnglesHint.z
      value: 0
      objectReference: {fileID: 0}
    - target: {fileID: 334545637, guid: ea3ee90b011f50c448c61cae6c4cfef6, type: 3}
      propertyPath: maxAmmo
      value: 10
      objectReference: {fileID: 0}
    - target: {fileID: 334545637, guid: ea3ee90b011f50c448c61cae6c4cfef6, type: 3}
      propertyPath: autoWeaponPrefab
      value: 
      objectReference: {fileID: 6691831966650846596, guid: 3c66e2461c1f9ac42896ec33fb5b88d8,
        type: 3}
    - target: {fileID: 1034942170, guid: ea3ee90b011f50c448c61cae6c4cfef6, type: 3}
      propertyPath: m_Layer
      value: 9
      objectReference: {fileID: 0}
    - target: {fileID: 7557307342223619988, guid: ea3ee90b011f50c448c61cae6c4cfef6,
        type: 3}
      propertyPath: m_Layer
      value: 9
      objectReference: {fileID: 0}
    m_RemovedComponents: []
  m_SourcePrefab: {fileID: 100100000, guid: ea3ee90b011f50c448c61cae6c4cfef6, type: 3}
